 Dungeon Crawl Stone Soup version 0.20-a0-1116-gaa52201 (webtiles) character file.

333762 seren the Warrior (level 21, -20/146 HPs)
             Began as a Gargoyle Fighter on May 5, 2017.
             Was an Elder of the Shining One.
             Demolished by a titan (31 damage)
             ... created by the fury of Okawaru
             ... on level 1 of the Crypt on May 8, 2017.
             The game lasted 05:17:55 (55953 turns).

seren the Warrior (Gargoyle Fighter)               Turns: 55953, Time: 05:17:55

Health: -20/146    AC: 43    Str: 30    XL:     21   Next: 82%
Magic:  30/33      EV: 20    Int:  8    God:    the Shining One [****..]
Gold:   1090       SH: 24    Dex: 17    Spells: 32/36 levels left

rFire    + + .     SeeInvis +   a - +2 morningstar (holy)
rCold    + . .     Gourm    .   C - +2 buckler of Esischemn {rF+ Str+8 Int-3}
rNeg     + + +     Faith    .   S - +2 chain mail {rF+}
rPois    ∞         Spirit   .   p - +0 hat "Fawk" {+Blink rCorr Dex+4}
rElec    +         Reflect  +   T - +2 cloak of the Thief {+Fog Slay-2 SInv Stlth+}
rCorr    +         Harm     .   t - +3 pair of gauntlets of War {Slay+5}
MR       +....                  I - +2 pair of boots {run}
Stlth    +.........             D - +6 amulet of reflection
Regen    0.4/turn               q - +4 ring of evasion
MPRegen  0.3/turn               P - ring of protection from cold

@: divine shield, about to teleport, flying, glowing, quick
A: big wings, negative energy resistance 1, electricity resistance, weak 1,
unbreathing, petrification resistance, rot immunity, AC +15
}: 2/15 runes: serpentine, barnacled
a: Stop Flying, Divine Shield, Cleansing Flame, Renounce Religion, Evoke Blink,
Evoke Fog


You were on level 1 of the Crypt.
You worshipped the Shining One.
The Shining One was greatly pleased with you.
You were not hungry.

You visited 8 branches of the dungeon, and saw 36 of its levels.
You also visited: Bailey.

You collected 4955 gold pieces.
You spent 3865 gold pieces at shops.

Inventory:

Hand Weapons
 a - a +2 morningstar of holy wrath (weapon)
 b - the +3 hand crossbow of Circularity {speed, Str+4 Int+5 Dex-4}
   (You bought it in a shop on level 5 of the Dungeon)

   Attacks with this weapon are significantly faster.
   It affects your strength (+4).
   It affects your intelligence (+5).
   It affects your dexterity (-4).
 N - the +9 hand crossbow of Okawaru's Benevolence {freeze, *Slow rElec MR+}
   (Okawaru gifted it to you on level 4 of the Snake Pit)

   It causes projectiles fired from it to freeze those they strike, causing
   extra injury to most foes and up to half again as much damage against
   particularly susceptible opponents.
   They can also slow down cold-blooded creatures.
   It insulates you from electricity.
   It affects your resistance to hostile enchantments.
   It may slow you when you take damage.
 U - a +1 eveningstar of venom
Missiles
 l - 3 throwing nets (quivered)
 W - 1081 bolts
Armour
 p - the +0 hat "Fawk" (worn) {+Blink rCorr Dex+4}
   (Okawaru gifted it to you on level 2 of the Orcish Mines)

   It affects your dexterity (+4).
   It lets you blink.
   It protects you from acid and corrosion.
 t - the +3 pair of gauntlets of War (worn) {Slay+5}
   (You bought it in a shop on level 1 of the Vaults)

   It affects your accuracy and damage with ranged weapons and melee attacks
   (+5).
 z - +0 fire dragon scales
 C - the +2 buckler of Esischemn (worn) {rF+ Str+8 Int-3}
   (You bought it in a shop on level 3 of the Snake Pit)

   It affects your strength (+8).
   It affects your intelligence (-3).
   It protects you from fire.
 I - a +2 pair of boots of running (worn)
 S - a +2 chain mail of fire resistance (worn)
 T - the +2 cloak of the Thief (worn) {+Fog Slay-2 SInv Stlth+}
   (You bought it in a shop on level 13 of the Dungeon)

   It affects your accuracy and damage with ranged weapons and melee attacks
   (-2).
   It lets you see invisible.
   It makes you more stealthy.
Jewellery
 k - the ring "Ygrac" {+Fly rN+}
   (You took it off a merfolk on level 4 of the Shoals)

   [ring of flight]

   It protects you from negative energy.
   It lets you fly.
 q - a +4 ring of evasion (left hand)
 y - an uncursed ring of protection from magic
 B - an uncursed amulet of faith
 D - a +6 amulet of reflection (around neck)
 P - a ring of protection from cold (right hand)
 X - a +5 ring of dexterity
Wands
 u - a wand of scattershot (5/9)
 M - a wand of disintegration (7/24)
 Q - a wand of acid (8/15)
Scrolls
 c - 8 scrolls of identify
 e - 16 scrolls of remove curse
 g - 3 scrolls of magic mapping
 j - a scroll of enchant weapon
 n - 3 scrolls of teleportation
 J - 6 scrolls of blinking
 K - 2 scrolls of silence
 L - 3 scrolls of fear
 Y - 3 scrolls of summoning
Potions
 d - 3 potions of might
 h - 5 potions of cancellation
 m - 15 potions of curing
 o - 3 potions of haste
 r - 4 potions of heal wounds
 v - a potion of resistance
 x - 2 potions of magic
 O - a potion of agility
Miscellaneous
 A - a lamp of fire
 H - a box of beasts
 R - a fan of gales
Comestibles
 f - 22 bread rations
 i - 2 royal jellies
 s - a chunk of flesh
 E - 3 meat rations
 F - 7 fruits


   Skills:
 + Level 20.2 Fighting
 - Level 18.0 Maces & Flails
 - Level 11.0 Crossbows
 * Level 15.8 Armour
 - Level 10.0 Dodging
 - Level 5.1 Stealth
 - Level 9.0 Shields
 - Level 8.0 Spellcasting
 - Level 5.0 Translocations
 - Level 9.0 Invocations
 - Level 10.0 Evocations


You had 32 spell levels left.
You knew the following spells:

 Your Spells              Type           Power        Failure   Level  Hunger
a - Blink                 Tloc           N/A          12%         2    ##.....
b - Apportation           Tloc           ##....       8%          1    None
c - Summon Butterflies    Summ           #.......     52%         1    None


Dungeon Overview and Level Annotations

Branches:
Dungeon (15/15)            Temple (1/1) D:6            Lair (6/6) D:11
 Shoals (4/4) Lair:3        Snake (4/4) Lair:2        Slime (0/5) Lair:6
    Orc (2/2) D:11            Elf (0/3) Orc:2        Vaults (3/5) D:14
  Crypt (1/3) Vaults:3     Depths (0/5) D:15

Altars:
Ashenzari
Cheibriados
Dithmenos
Elyvilon
Fedhas
Gozag
Hepliaklqana
Kikubaaqudgha
Makhleb
Nemelex Xobeh
Okawaru
Qazlal
Ru
Sif Muna
Trog
Uskayaw
Vehumet
Wu Jian
Xom
Yredelemnul
Zin
The Shining One
Jiyva

Shops:
D:4 *:   D:5 (   D:13 :*[[   Orc:2 *:*}   Snake:2 *   Snake:3 }[   Vaults:1 [
Vaults:2 :

Annotations:
D:7 1 runed door, sixfirthy
D:9 exclusion: downstairs
D:14 vault entrance
D:15 ogre mage bolt of cold
Lair:1 exclusion: 2 oklob plants
Shoals:3 exclusion: downstairs
Shoals:4 exclusion: Roxanne, Ilsuiw, Roxanne


Innate Abilities, Weirdness & Mutations

You are resistant to torment.
Your stone body is resilient. (AC +15)
You are immune to poison.
Your large and strong wings let you fly indefinitely.
You resist negative energy. (rN+)
You are resistant to electric shocks. (rElec)
You can survive without breathing.
You are immune to petrification.
You are immune to rotting.
You are weak. (Str -2)


Message History

The air twists around and violently strikes you in flight!
* * * LOW HITPOINT WARNING * * *
The stone giant throws a large rock.
You reflect the large rock off an invisible shield around you!
The large rock hits the stone giant.
The large rock disappears in a puff of smoke!
The deep elf master archer shoots an arrow.
You reflect the arrow off an invisible shield around you!
The arrow completely misses the deep elf master archer.
The arrow disappears in a puff of smoke!
Your shield is strengthened by the Shining One's divine power.
You feel slightly more hungry. The titan hits you!
* * * LOW HITPOINT WARNING * * *
The deep elf master archer shoots an arrow.
The arrow barely misses you.
The arrow disappears in a puff of smoke!
The stone giant throws a large rock.
The large rock barely misses you.
The large rock disappears in a puff of smoke!
The titan hits you!!
You die...

#.. #...... ########..
#....... ..........
#...... ..........
#.....# ##........
#.....# #........
#..Ce.# #........
#.....# #........
#...C@# #........
#...C.# #........
#.....# #........
#.....########........
#^....)†..)...........
######################


You could see 2 titans, a stone giant and a deep elf master archer.

Vanquished Creatures
  Boris (Vaults:2)
  Bai Suzhen (Vaults:2)
  The ghost of hittemvvvvvhard the Spry, an adept KoBe of Trog (Vaults:2)
  Rupert (D:12)
  A titan (Crypt:1)
  Frances (Snake:1)
  2 krakens (Shoals:3)
  Agnes (Snake:4)
  2 ancient champions
  2 sphinxes
  Donald (Snake:1)
  The ghost of nubinia the Geomancer, an adept GrEE of Sif Muna (Shoals:2)
  17 nagarajas
  A fire giant (Vaults:3)
  Aizul (Snake:3)
  2 frost giants
  4 ghouls (Crypt:1)
  6 vault wardens
  7 ironheart preservers
  5 stone giants
  3 vampire knights (Crypt:1)
  4 entropy weavers
  4 merfolk javelineers
  A minotaur (shapeshifter) (Vaults:1)
  An eidolon (Crypt:1)
  2 minotaurs
  2 ettins
  3 fire dragons
  9 merfolk impalers (Shoals:4)
  Erolcha (D:10)
  6 yaktaur captains
  A great orb of eyes (Vaults:1)
  4 ice dragons
  A rakshasa (Vaults:3)
  7 vault guards
  4 hydras
  16 naga warriors
  4 catoblepae
  4 merfolk avatars
  21 anacondas
  Erica (Lair:1)
  13 centaur warriors
  11 two-headed ogres
  A tengu warrior (D:15)
  4 death yaks (Lair:6)
  3 alligator snapping turtles
  A queen ant (Lair:4)
  A vampire mage (Crypt:1)
  A satyr (Shoals:4)
  9 merfolk aquamancers
  6 death knights
  6 ogre magi
  2 orc high priests (Orc:2)
  15 naga sharpshooters
  8 shock serpents
  A hell knight (D:15)
  A deep elf knight (Vaults:2)
  A titan skeleton (Crypt:1)
  9 skeletal warriors
  3 deep trolls (Vaults:2)
  2 unseen horrors
  A flayed ghost (Vaults:2)
  2 quicksilver dragon simulacra (Crypt:1)
  3 phantasmal warriors
  11 naga ritualists
  10 ironbrand convokers
  7 sea snakes
  4 wizards
  Pikel (D:9)
  4 orc knights
  4 deep elf archers
  33 harpies
  3 necromancers
  22 ugly things
  9 orc sorcerers
  6 cyclopes
  10 deep elf magi
  9 mana vipers
  3 wolf spiders
  14 manticores
  11 salamanders
  2 fire giant zombies
  14 fauns
  A stone giant zombie (Crypt:1)
  4 centaur zombies
  13 merfolk sirens
  7 elephants
  A water nymph (Shoals:2)
  A dire elephant zombie (Crypt:1)
  16 vault sentinels
  25 naga magi
  A black mamba (shapeshifter) (Vaults:1)
  23 guardian serpents
  2 spiny frogs (shapeshifter) (Vaults:2)
  32 black mambas
  15 spiny frogs
  10 komodo dragons
  5 freezing wraiths
  3 gargoyles
  4 rime drakes
  11 yaktaurs
  An efreet (D:14)
  A kobold demonologist (D:15)
  2 human zombies
  4 guardian mummies (Crypt:1)
  2 polar bears
  3 tengu conjurers
  18 merfolk
  A jumping spider (Vaults:2)
  6 trolls
  11 wind drakes
  5 hornets
  16 hippogriffs
  18 slime creatures
  17 blink frogs
  6 snapping turtles
  A fire giant simulacrum (Vaults:2)
  2 dream sheep (Shoals:1)
  8 redbacks (Snake:1)
  2 shadows
  6 flying skulls (Crypt:1)
  10 water elementals
  3 wraiths
  A vampire (D:12)
  An ettin skeleton (Crypt:1)
  4 hogs (D:9)
  3 wyverns
  3 humans
  58 yaks
  4 basilisks
  2 hungry ghosts
  A human (shapeshifter) (D:13)
  Grum (D:9)
  An emperor scorpion simulacrum (Crypt:1)
  63 nagas
  A warg (Orc:1)
  12 water moccasins
  25 soldier ants
  A swamp worm (shapeshifter) (Vaults:2)
  5 acid dragons
  An infernal demonspawn skeleton (Crypt:1)
  6 porcupines
  23 orc warriors
  A phantom (D:8)
  2 slaves (D:8)
  2 black bears (D:12)
  2 necrophages
  6 sky beasts
  3 ice beasts
  6 boggarts
  20 ogres
  25 centaurs
  3 wolves (D:9)
  9 crocodiles
  A crocodile (shapeshifter) (Vaults:3)
  28 bullfrogs
  A water moccasin zombie (D:11)
  2 wyvern skeletons (D:8)
  A salamander skeleton (Crypt:1)
  4 human skeletons
  A water moccasin skeleton (Crypt:1)
  2 scorpions (D:9)
  3 killer bees (D:11)
  12 wights
  5 howler monkeys
  2 crimson imps
  2 human simulacra (Vaults:1)
  A quasit (D:10)
  2 bullfrog zombies (D:11)
  Crazy Yiuf (D:2)
  6 centaur skeletons
  3 jellies
  4 bullfrog skeletons
  16 orc priests
  4 hounds
  34 orc wizards
  5 iguanas
  Jessica (D:3)
  A basilisk skeleton (Crypt:1)
  30 worker ants
  A killer bee zombie (D:7)
  3 hound zombies
  3 mummies (Crypt:1)
  A worker ant zombie (D:11)
  4 gnolls (D:8)
  A howler monkey skeleton (D:9)
  10 adders
  2 shadow imps
  An adder zombie (D:5)
  3 adder skeletons
  4 worms
  3 dart slugs
  3 leopard geckos
  76 orcs
  5 giant cockroaches
  5 goblins
  6 hobgoblins
  6 jackals
  14 kobolds
  A quokka (D:4)
  2 ball pythons
  8 bats
  4 frilled lizards
  A kobold skeleton (Crypt:1)
  2 leopard gecko zombies
  8 rats
  A rat skeleton (Crypt:1)
  2 fungi
  2 plants
  3 tentacles (Shoals:3)
1407 creatures vanquished.

Vanquished Creatures (others)
  Nessos (Orc:2)
  A centaur warrior (Vaults:2)
  4 naga sharpshooters
  A naga ritualist (Snake:1)
  A faun (Shoals:2)
  2 cyclopes
  3 yaktaurs
  A warg (Vaults:2)
  An ogre (Orc:2)
  A centaur (Vaults:1)
  A leopard gecko (D:9)
  3 fungi
  13 plants
  25 tentacles (Shoals:3)
58 creatures vanquished.

Grand Total: 1465 creatures vanquished

Notes
Turn   | Place    | Note
-------+----------+-------------------------------------------
     0 | D:1      | seren the Gargoyle Fighter began the quest for the Orb.
     0 | D:1      | Reached XP level 1. HP: 14/14 MP: 1/1
   360 | D:1      | Reached XP level 2. HP: 19/19 MP: 2/2
   874 | D:2      | Reached XP level 3. HP: 18/23 MP: 3/3
  1029 | D:2      | You fall through a shaft for 2 floors!
  1053 | D:4      | Found Zumuniupn's Book Shop.
  1150 | D:4      | Reached XP level 4. HP: 24/29 MP: 4/4
  1265 | D:4      | Noticed an ogre
  1340 | D:2      | Reached skill level 4 in Fighting
  1506 | D:2      | Reached XP level 5. HP: 33/33 MP: 5/5
  1632 | D:2      | Found a runed door.
  2643 | D:3      | Noticed Jessica
  2675 | D:3      | Killed Jessica
  2675 | D:3      | Reached XP level 6. HP: 32/39 MP: 6/6
  2731 | D:3      | Found a deep blue altar of Sif Muna.
  2879 | D:4      | Found Jong's General Store.
  2882 | D:4      | Bought a scroll of teleportation for 30 gold pieces
  2882 | D:4      | Bought a scroll of remove curse for 30 gold pieces
  2957 | D:4      | Reached skill level 5 in Fighting
  2957 | D:4      | Reached skill level 5 in Shields
  3447 | D:5      | Entered Level 5 of the Dungeon
  3457 | D:5      | Noticed a wyvern
  3473 | D:5      | Killed a wyvern
  3473 | D:5      | Reached skill level 5 in Maces & Flails
  3473 | D:5      | Reached XP level 7. HP: 19/44 MP: 2/7
  4965 | D:5      | Found Xeloilio's Antique Weapon Boutique.
  4968 | D:5      | Bought an ebony mace for 184 gold pieces
  4968 | D:5      | Identified the cursed +0 mace of Grace {flame, +Rage rPois} (You bought it in a shop on level 5 of the Dungeon)
  5073 | D:5      | Reached XP level 8. HP: 27/49 MP: 3/8
  5214 | D:6      | Found a staircase to the Ecumenical Temple.
  5219 | Temple   | Entered the Ecumenical Temple
  5261 | Temple   | Became a worshipper of Warmaster Okawaru
  5630 | D:6      | Upgraded the game from 0.20-a0-1109-ge3cd172 to 0.20-a0-1114-g33edf32
  5653 | D:6      | Got a brightly glowing whip
  5671 | D:6      | Identified the +5 whip of Wuquip {drain, -Tele rElec rN+ MR+} (You found it on level 6 of the Dungeon)
  6020 | D:7      | Got a pitted rapier
  6029 | D:7      | Identified the +10 rapier of Destruction {drain, +Rage Str+6} (You found it on level 7 of the Dungeon)
  6608 | D:7      | Reached * piety under Okawaru
  6670 | D:7      | Found a runed door.
  6672 | D:7      | Noticed a sixfirhy
  6718 | D:7      | Reached skill level 10 in Maces & Flails
  6812 | D:7      | Reached XP level 9. HP: 46/54 MP: 9/9
  6921 | D:7      | Reached skill level 6 in Fighting
  7531 | D:8      | Reached skill level 7 in Fighting
  7573 | D:8      | Reached ** piety under Okawaru
  7577 | D:8      | Reached skill level 8 in Fighting
  7593 | D:8      | Reached skill level 9 in Fighting
  8308 | D:9      | Reached skill level 10 in Fighting
  8333 | D:9      | Noticed a two-headed ogre
  8408 | D:9      | Noticed Pikel
  8588 | D:9      | Reached XP level 10. HP: 68/68 MP: 10/10
  8647 | D:9      | Found a flagged portal.
  8672 | Bailey   | Entered a bailey
  8683 | Bailey   | Reached *** piety under Okawaru
  8928 | Bailey   | Found a bloodstained altar of Trog.
  9158 | D:9      | Noticed Grum
  9340 | D:9      | Killed a two-headed ogre
  9340 | D:9      | Reached skill level 5 in Armour
  9486 | D:9      | Reached **** piety under Okawaru
  9486 | D:9      | Reached skill level 1 in Invocations
  9720 | D:9      | Killed Pikel
  9850 | D:9      | Got a heavy robe
  9927 | D:9      | Received a gift from Okawaru
  9943 | D:9      | Reached XP level 11. HP: 72/72 MP: 11/14
  9947 | D:9      | Reached skill level 5 in Invocations
 10214 | D:9      | Killed Grum
 10454 | D:10     | Entered Level 10 of the Dungeon
 10500 | D:10     | Noticed a two-headed ogre
 10513 | D:10     | Killed a two-headed ogre
 10513 | D:10     | Reached ***** piety under Okawaru
 10607 | D:10     | Noticed Erolcha
 10718 | D:10     | Found an iron altar of Okawaru.
 10811 | D:10     | Received a gift from Okawaru
 11382 | D:11     | Found a staircase to the Lair.
 11391 | D:11     | Noticed a purple ugly thing
 11417 | D:11     | Killed a purple ugly thing
 11501 | Lair:1   | Entered Level 1 of the Lair of Beasts
 11522 | Lair:1   | Identified the +3 robe of Intercession {rF+ Dex+3} (You found it on level 9 of the Dungeon)
 11548 | Lair:1   | Learned a level 2 spell: Blink
 12127 | Lair:1   | Reached skill level 1 in Dodging
 12213 | Lair:1   | Noticed Erica
 12227 | Lair:1   | Killed Erica
 12227 | Lair:1   | Received a gift from Okawaru
 12273 | Lair:1   | Reached XP level 12. HP: 77/77 MP: 17/17
 12399 | Lair:1   | Got a bone hand axe
 12952 | Lair:2   | Found a staircase to the Snake Pit.
 13079 | Lair:2   | Reached skill level 5 in Dodging
 13618 | D:4      | Bought the +0 pair of gloves "Hoistri" {rC+ Str+2} for 227 gold pieces
 13690 | D:5      | Bought an ivory hand crossbow for 195 gold pieces
 13690 | D:5      | Identified the +3 hand crossbow of Circularity {speed, Str+4 Int+5 Dex-4} (You bought it in a shop on level 5 of the Dungeon)
 13966 | Lair:2   | Reached skill level 1 in Crossbows
 14805 | Lair:3   | Reached skill level 5 in Crossbows
 15460 | Lair:3   | Found a staircase to the Shoals.
 15563 | Lair:3   | Reached ****** piety under Okawaru
 15686 | Lair:2   | Received a gift from Okawaru
 15906 | Lair:3   | Reached XP level 13. HP: 81/82 MP: 15/18
 16479 | D:11     | Found a staircase to the Orcish Mines.
 17364 | D:5      | Bought a dazzling dire flail for 207 gold pieces
 17364 | D:5      | Identified the +2 dire flail "Gargoyle's Death" {elec, -Tele rElec rF++ Dex+3} (You bought it in a shop on level 5 of the Dungeon)
 17650 | D:10     | Killed Erolcha
 18027 | Lair:4   | Received a gift from Okawaru
 18039 | Lair:4   | Identified a +2 pair of boots of running (Okawaru gifted it to you on level 4 of the Lair of Beasts)
 18075 | Lair:4   | Noticed an entropy weaver
 18147 | Lair:4   | Killed an entropy weaver
 18346 | Lair:4   | Reached skill level 15 in Maces & Flails
 18548 | Lair:4   | Noticed an entropy weaver
 18902 | Lair:4   | Killed an entropy weaver
 19527 | Lair:5   | Received a gift from Okawaru
 20085 | Lair:6   | Entered Level 6 of the Lair of Beasts
 20108 | Lair:6   | Gained mutation: Your large and strong wings let you fly indefinitely. [Gargoyle growth]
 20108 | Lair:6   | Reached XP level 14. HP: 88/88 MP: 19/19
 20191 | Lair:3   | Reached skill level 11 in Fighting
 20694 | Lair:6   | Received a gift from Okawaru
 20789 | Lair:6   | Reached skill level 12 in Fighting
 20892 | Lair:6   | Received a gift from Okawaru
 20893 | Lair:6   | Got a brightly glowing hand crossbow {god gift}
 20894 | Lair:6   | Identified the +1 hand crossbow of Wariness {velocity, Dex+3} (Okawaru gifted it to you on level 6 of the Lair of Beasts)
 21110 | Lair:6   | Found a viscous altar of Jiyva.
 21110 | Lair:6   | Found a staircase to the Slime Pits.
 21500 | Lair:6   | Reached skill level 13 in Fighting
 22156 | Lair:4   | Received a gift from Okawaru
 22282 | Orc:1    | Entered Level 1 of the Orcish Mines
 22528 | Orc:2    | Entered Level 2 of the Orcish Mines
 22563 | Orc:2    | Noticed a stone giant
 22570 | Orc:2    | Killed a stone giant
 22708 | Orc:2    | Found a staircase to the Elven Halls.
 22770 | Orc:2    | Noticed Nessos
 22780 | Orc:2    | Killed Nessos
 23189 | Orc:2    | Gained mutation: You are weak. (Str -2) [a neqoxec]
 23531 | Orc:2    | Received a gift from Okawaru
 23534 | Orc:2    | Got a faintly glowing hat {god gift}
 23542 | Orc:2    | Identified the +0 hat "Fawk" {+Blink rCorr Dex+4} (Okawaru gifted it to you on level 2 of the Orcish Mines)
 23566 | Orc:2    | Found Oriz's Gadget Shop.
 23566 | Orc:2    | Found Xaicwas's Assorted Antiques.
 23583 | Orc:2    | Found Elaragg's Assorted Antiques.
 23615 | Orc:2    | Reached XP level 15. HP: 91/98 MP: 20/20
 23698 | Orc:2    | Found Fankel's Book Boutique.
 23735 | Orc:2    | Bought 3 scrolls of teleportation for 162 gold pieces
 23870 | Orc:1    | Paralysed by an orc sorcerer for 3 turns
 24389 | D:12     | Reached skill level 10 in Crossbows
 24571 | D:12     | Noticed Rupert
 24584 | D:12     | Killed Rupert
 24975 | D:13     | Found Areoz's Assorted Antiques.
 25212 | D:13     | Found Woczi's Antique Armour Shoppe.
 25225 | D:13     | Bought a pitted scale mail for 360 gold pieces
 25225 | D:13     | Identified the cursed +1 scale mail of Misanthropy {rN+ Dex+2} (You bought it in a shop on level 13 of the Dungeon)
 25491 | D:13     | Found Mushre's Armour Shop.
 25495 | D:13     | Bought the +2 cloak of the Thief {+Fog Slay-2 SInv Stlth+} for 261 gold pieces
 25558 | D:13     | Upgraded the game from 0.20-a0-1114-g33edf32 to 0.20-a0-1116-gaa52201
 25566 | D:13     | Found Affu's Book Shop.
 25993 | D:14     | Reached skill level 1 in Evocations
 26263 | D:14     | Reached skill level 14 in Fighting
 26659 | D:14     | Received a gift from Okawaru
 26792 | D:14     | Found a gate to the Vaults.
 26946 | D:15     | Entered Level 15 of the Dungeon
 27619 | Shoals:1 | Entered Level 1 of the Shoals
 27655 | Shoals:1 | Received a gift from Okawaru
 28141 | Shoals:1 | Received a gift from Okawaru
 28141 | Shoals:1 | Reached skill level 15 in Fighting
 29118 | Shoals:1 | Received a gift from Okawaru
 29221 | Shoals:2 | Reached XP level 16. HP: 103/108 MP: 22/22
 29284 | Shoals:2 | Received a gift from Okawaru
 29480 | Shoals:2 | Received a gift from Okawaru
 29512 | Shoals:2 | Reached skill level 5 in Evocations
 29549 | Shoals:2 | Reached skill level 16 in Fighting
 29864 | Shoals:2 | Noticed nubinia's ghost (adept GrEE)
 30493 | Shoals:2 | You are sucked into a shaft!
 30832 | Shoals:3 | Learned a level 1 spell: Apportation
 30834 | Shoals:3 | Learned a level 1 spell: Summon Butterflies
 30924 | Shoals:2 | Reached skill level 1 in Spellcasting
 30924 | Shoals:2 | Reached skill level 1 in Translocations
 30959 | Shoals:3 | Noticed a kraken
 31030 | Shoals:3 | Killed a kraken
 31186 | Shoals:3 | Received a gift from Okawaru
 31685 | Shoals:2 | Killed nubinia's ghost
 31908 | Shoals:3 | Noticed a kraken
 31933 | Shoals:3 | Killed a kraken
 32209 | Shoals:4 | Entered Level 4 of the Shoals
 32296 | Shoals:4 | Noticed Roxanne
 33345 | Shoals:4 | Received a gift from Okawaru
 33370 | Shoals:4 | Reached skill level 10 in Armour
 33589 | Shoals:4 | Got a shimmering wooden ring
 33594 | Shoals:4 | Identified the ring "Ygrac" {+Fly rN+} (You took it off a merfolk on level 4 of the Shoals)
 34213 | Shoals:4 | Received a gift from Okawaru
 34385 | Shoals:4 | Reached XP level 17. HP: 115/115 MP: 23/23
 35662 | Shoals:4 | Noticed Ilsuiw
 36143 | Shoals:4 | Got a barnacled rune of Zot
 36644 | D:2      | Noticed Crazy Yiuf
 36649 | D:2      | Killed Crazy Yiuf
 37017 | Snake:1  | Entered Level 1 of the Snake Pit
 37017 | Snake:1  | Noticed Donald
 37246 | D:15     | Found a staircase to the Depths.
 37996 | D:15     | Received a gift from Okawaru
 38507 | Snake:1  | Killed Donald
 38906 | Snake:1  | Reached skill level 17 in Fighting
 39233 | Snake:1  | Noticed Frances
 39513 | Snake:1  | Killed Frances
 39898 | Snake:2  | Received a gift from Okawaru
 39898 | Snake:2  | Reached XP level 18. HP: 99/124 MP: 17/24
 40054 | Snake:2  | Received a gift from Okawaru
 40320 | Snake:1  | Reached skill level 18 in Fighting
 42050 | Snake:2  | Found Labb's Assorted Antiques.
 42069 | Snake:2  | Bought a scroll of blinking for 210 gold pieces
 42069 | Snake:2  | Bought a scroll of identify for 56 gold pieces
 42593 | Snake:2  | Reached skill level 19 in Fighting
 42968 | Snake:3  | Found Venogawn's Gadget Shoppe.
 42970 | Snake:3  | Found Eqaar's Antique Armour Emporium.
 42978 | Snake:3  | Bought a translucent buckler for 361 gold pieces
 42988 | Snake:3  | Identified the +2 buckler of Esischemn {rF+ Str+8 Int-3} (You bought it in a shop on level 3 of the Snake Pit)
 43221 | Snake:3  | Received a gift from Okawaru
 43650 | Snake:3  | Noticed Aizul
 43674 | Snake:3  | Killed Aizul
 43873 | Snake:4  | Entered Level 4 of the Snake Pit
 43927 | Snake:4  | Noticed Agnes
 44335 | Snake:4  | Reached XP level 19. HP: 124/132 MP: 25/25
 44466 | Snake:4  | Reached skill level 10 in Dodging
 45038 | Snake:4  | Reached skill level 15 in Armour
 45182 | Snake:4  | Received a gift from Okawaru
 45192 | Snake:4  | Got a faintly glowing hand crossbow {god gift}
 45199 | Snake:4  | Identified the +9 hand crossbow of Okawaru's Benevolence {freeze, *Slow rElec MR+} (Okawaru gifted it to you on level 4 of the Snake Pit)
 45502 | Snake:4  | Killed Agnes
 46192 | Snake:4  | Received a gift from Okawaru
 46542 | Snake:4  | Received a gift from Okawaru
 46856 | Snake:4  | Got a serpentine rune of Zot
 47247 | Vaults:1 | Entered Level 1 of the Vaults
 48057 | Vaults:1 | Found Waumatt's Antique Armour Boutique.
 48065 | Vaults:1 | Bought a crude scale mail for 252 gold pieces
 48065 | Vaults:1 | Identified the cursed +1 scale mail of the Monkey's Uncle {Str+4} (You bought it in a shop on level 1 of the Vaults)
 48068 | Vaults:1 | Bought the +3 pair of gauntlets of War {Slay+5} for 1330 gold pieces
 48209 | Vaults:1 | Reached XP level 20. HP: 139/139 MP: 26/26
 48241 | Vaults:1 | Received a gift from Okawaru
 48511 | Vaults:1 | Received a gift from Okawaru
 48587 | Vaults:1 | Reached skill level 5 in Spellcasting
 48760 | Vaults:1 | Received a gift from Okawaru
 49678 | Vaults:2 | Noticed hittemvvvvvhard's ghost (adept KoBe)
 49723 | Vaults:2 | Killed hittemvvvvvhard's ghost
 49723 | Vaults:2 | Reached skill level 10 in Evocations
 49820 | Vaults:2 | Noticed Bai Suzhen
 49830 | Vaults:2 | Killed Bai Suzhen
 49830 | Vaults:2 | Received a gift from Okawaru
 50613 | Vaults:2 | Reached skill level 20 in Fighting
 50714 | Vaults:2 | Noticed Boris
 50721 | Vaults:2 | Killed Boris
 50772 | Vaults:2 | Reached skill level 5 in Translocations
 50777 | Vaults:2 | Received a gift from Okawaru
 51513 | Vaults:2 | Reached XP level 21. HP: 135/146 MP: 30/30
 51536 | Vaults:2 | Received a gift from Okawaru
 51582 | Vaults:2 | Received a gift from Okawaru
 51680 | Vaults:2 | Found Mefeaza's Book Emporium.
 52770 | Vaults:3 | Found a shimmering altar of Xom.
 53482 | Vaults:3 | Reached skill level 1 in Stealth
 53619 | Vaults:3 | Found a staircase to the Crypt.
 53955 | Temple   | Fell from the grace of Okawaru
 53955 | Temple   | Became a worshipper of the Shining One
 54338 | Crypt:1  | Entered Level 1 of the Crypt
 54375 | Crypt:1  | Reached * piety under the Shining One
 54470 | Crypt:1  | Reached ** piety under the Shining One
 54588 | Vaults:3 | Reached skill level 5 in Stealth
 55380 | Crypt:1  | Reached *** piety under the Shining One
 55782 | Crypt:1  | Reached **** piety under the Shining One
 55953 | Crypt:1  | Demolished by a titan

Vault maps used:
D:1:      matt_arrival_spirals
D:2:      first_bread, uniq_crazy_yiuf_cottage
D:3:      tgw_sif, minmay_distorted
D:4:      serial_shops, shop, nicolae_shop_trees, nrook_uturn,
          serial_park_tiny_pond
D:5:      serial_shops, nicolae_shop_trees
D:6:      minmay_temple_entry_overgrown, minmay_liquid_box
D:7:      cheibrodos_shockbox
D:9:      enter_bailey_8, grunt_livestock, uniq_pikel, uniq_grum
D:10:     grunt_ministairs_8, okawaru_humans, uniq_erolcha
D:11:     david_lair_generic, orc_0_dummy
D:12:     lab_entry_generic, uniq_rupert
D:13:     serial_shops, shop, shop, kennysheep_mini_moat,
          nicolae_shop_overgrown_old_shop, kennysheep_cluttered_room
D:14:     grunt_vaults_entry_fortified
D:15:     hangedman_depths_entry_civil_slaughter, kennysheep_flooded_box
Temple:   nicolae_temple_the_god_donut
Lair:1:   grunt_megastairs_2, minmay_lair_oklob_chamber,
          infiniplex_staircase_pool, serial_bayou_shore_b, uniq_erica
Lair:2:   guppyfry_snake_entry_garden, grunt_megastairs_4
Lair:3:   minmay_shoals_entry_beasts, lemuel_fruit_fields, grunt_megastairs_5
Lair:4:   zaba_anthell
Lair:5:   grunt_forest_stairs_basic
Lair:6:   evilmike_catoblepas_cave, slime_altar_1, serial_bayou_shore_b
Shoals:4: shoals_end_grunt_ice, shoals_ilsuiw_alternative,
          nicolae_shoals_aquamancer_cove, uniq_roxanne
Snake:1:  portal_ice_cave_entry_pillars_three, spider_trap, uniq_frances,
          uniq_donald
Snake:2:  serial_shops, shop, grunt_ministairs_3
Snake:3:  nicolae_aizul_guard, minmay_shoptagon, basic_stair_grate_trap
Snake:4:  grunt_snake_rune_serpentine_throne, uniq_agnes
Orc:1:    lightli_orcish_oven
Orc:2:    st_orc_mages, uniq_nessos
Vaults:1: vaults_mumra_hexcomb, serial_ice_m, ontoclasm_vaults_ligature,
          v_pattern_2, st_hourglassy, v_misc_18, vaults_mumra_minichess,
          serial_shops, shop
Vaults:2: ontoclasm_vaults_ring_large, vaults_room_door_ring,
          hangedman_vaults_pinch, nicolae_vaults_network_square,
          vaults_room_large_hall, nicolae_vaults_fighting_squares,
          grunt_vaults_swirl, vaults_room_pools, v_rooms_2,
          vaults_room_stairs_pillars, v_misc_3, nicolae_vaults_what_the_h,
          vaults_dpeg_ring, serial_shops, shop, uniq_boris, uniq_bai_suzhen
Vaults:3: blue_anna_dwarven_crypt, grunt_vaults_twisty,
          nicolae_vaults_ninety_degrees, v_misc_17,
          vaults_mumra_minichess_inversion, v_pattern_5,
          hangedman_vaults_corner_blocks, v_misc_33, ontoclasm_vaults_tryst,
          basic_altar
Crypt:1:  grunt_crypt_arrival_guarded_gate, grunt_megastairs_3
Bailey:   bailey_axe_3, bailey

Skill      XL: |  1  2  3  4  5  6  7  8  9 10 11 12 13 14 15 16 17 18 19 20 21 |
---------------+----------------------------------------------------------------+-----
Maces & Flails | 3 4 5 7 10 12 13 16 18 | 18.0
Shields        | 4 5 6 9 |  9.0
Fighting       | 4 5 10 13 15 16 17 19 20 | 20.2
Armour         | 5 9 11 14 15 | 15.8
Invocations    | 4 7 9 |  9.0
Dodging        | 3 6 9 10 | 10.0
Crossbows      | 5 9 10 11 | 11.0
Evocations     | 4 7 10 | 10.0
Spellcasting   | 3 6 8 |  8.0
Translocations | 3 5 |  5.0
Stealth        | 5 |  5.1

Action                   |  1- 3 |  4- 6 |  7- 9 | 10-12 | 13-15 | 16-18 | 19-21 || total
-------------------------+-------+-------+-------+-------+-------+-------+-------++-------
Melee: Flail             |   116 |   196 |    84 |       |       |       |       ||   396
       Mace              |       |       |    27 |       |       |       |       ||    27
       Whip              |       |       |   288 |   910 |   567 |    49 |       ||  1814
       Morningstar       |       |       |       |    13 |   992 |  1707 |  1313 ||  4025
       Eveningstar       |       |       |       |       |       |       |   547 ||   547
 Fire: Hunting sling     |       |       |    26 |    48 |       |       |       ||    74
       Hand crossbow     |       |       |       |       |   294 |   380 |    16 ||   690
 Cast: Apportation       |       |       |       |       |       |     1 |       ||     1
Invok: Heroism           |       |       |       |    17 |    34 |    25 |    13 ||    89
       Finesse           |       |       |       |       |     4 |    12 |     7 ||    23
       Divine Shield     |       |       |       |       |       |       |     1 ||     1
 Abil: Fly               |       |       |       |       |     1 |     1 |       ||     2
       Evoke Fog         |       |       |       |       |     1 |     1 |     2 ||     4
       Stop Flying       |       |       |       |       |       |     1 |       ||     1
Evoke: Wand              |       |       |       |       |     1 |       |       ||     1
       Phantom mirror    |       |       |       |       |       |     1 |       ||     1
       Lamp of fire      |       |       |       |       |       |       |     1 ||     1
  Use: Scroll            |       |     4 |     8 |     8 |     9 |    15 |     6 ||    50
       Potion            |       |       |     1 |       |       |     3 |     2 ||     6
 Stab: Distracted        |       |       |       |       |     1 |       |       ||     1
  Eat: Chunk             |     1 |     8 |    12 |    23 |    41 |    38 |    28 ||   151
       Fruit             |       |       |     2 |     1 |     2 |    11 |     9 ||    25
       Royal jelly       |       |       |     1 |       |       |       |     1 ||     2
Armor: Scale mail        |    72 |    82 |    47 |       |       |       |       ||   201
       Chain mail        |       |       |    49 |   238 |   402 |   592 |   511 ||  1792
Dodge: Dodged            |    53 |    73 |   106 |   270 |   511 |   783 |   789 ||  2585
Block: Buckler           |    30 |    56 |    91 |   174 |   682 |  1139 |   982 ||  3154
       Reflection        |       |       |       |       |    43 |   118 |    96 ||   257
